 Dungeon Crawl Stone Soup version 0.25-a0-589-g1e14c549ee (webtiles) character file.

Game seed: 16597086636588701201, levelgen mode: deterministic

12212 kae the Martial Artist (level 11, -4/93 HPs)
             Began as a Demonspawn Monk on Mar 11, 2020.
             Was an Elder of Wu Jian.
             Slain by an orc warrior
             ... wielding a +4 battleaxe
              (16 damage)
             ... on level 1 of the Orcish Mines.
             The game lasted 00:13:44 (15167 turns).

kae the Martial Artist (Demonspawn Monk)           Turns: 15167, Time: 00:13:44

Health: -4/93      AC:  7    Str: 10    XL:     11   Next: 59%
Magic:  0/11       EV: 13    Int: 15    God:    Wu Jian [****..]
Gold:   603        SH:  0    Dex: 17    Spells: 10/10 levels left

rFire    . . .     SeeInvis +     - Unarmed
rCold    + . .     Gourm    .   (no shield)
rNeg     . . .     Faith    .   D - +1 robe "Piakenia" {rElec Str-3 Int+3}
rPois    .         Spirit   +   e - +2 hat
rElec    +         Reflect  .   g - +1 cloak
rCorr    .         Harm     .   (no gloves)
MR       ++...     Clarity  +   (no boots)
Stlth    ++........             h - amulet of guardian spirit
HPRegen  0.25/turn              d - ring of protection from magic
MPRegen  0.12/turn              i - ring of protection from magic

@: mighty
A: antennae 1, claws 1, hooves 2, see invisible, clarity, cold resistance 1,
demonic guardian 1, sense surroundings 1, wild magic 1
a: Wall Jump, Serpent's Lash, Renounce Religion


You were on level 1 of the Orcish Mines.
You worshipped Wu Jian.
Wu Jian was greatly pleased with you.
You were not hungry.

You visited 3 branches of the dungeon, and saw 13 of its levels.

You collected 751 gold pieces.
You spent 148 gold pieces at shops.

Inventory:

Armour
 a - a +0 robe
 e - a +2 hat (worn)
 g - a +1 cloak (worn)
 D - the +1 robe "Piakenia" (worn) {rElec Str-3 Int+3}
   (You bought it in a shop on level 8 of the Dungeon)

   It affects your strength (-3).
   It affects your intelligence (+3).
   It insulates you from electricity.
Jewellery
 c - an uncursed amulet of the acrobat
 d - a ring of protection from magic (left claw)
 h - an amulet of guardian spirit (around neck)
 i - a ring of protection from magic (right claw)
 q - an uncursed ring of magical power
 s - an uncursed amulet of rage
 t - a +3 ring of intelligence
 v - an uncursed ring of ice
 x - an uncursed ring of positive energy
 F - an uncursed ring of stealth
Wands
 j - a wand of polymorph (12)
 z - a wand of acid (8)
 G - a wand of iceblast (9)
 K - a wand of flame (11)
Scrolls
 f - 4 scrolls of blinking
 l - 5 scrolls of remove curse
 p - 5 scrolls of teleportation
 u - 2 scrolls of amnesia
 w - 2 scrolls of enchant armour
 y - 2 scrolls of magic mapping
 C - 2 scrolls of fear
Potions
 m - 2 potions of flight
 n - 4 potions of lignification
 o - 3 potions of curing
 r - a potion of stabbing
 A - 2 potions of heal wounds
 E - a potion of invisibility
 I - 2 potions of brilliance
Comestibles
 b - 17 rations
 H - 5 chunks of flesh


   Skills:
 + Level 11.1 Fighting
 - Level 2.6 Dodging
 - Level 1.7 Stealth
 * Level 13.7 Unarmed Combat


You had 10 spell levels left.
You didn't know any spells.
Your spell library contained the following spells:

 Spells                   Type           Power        Failure   Level  Hunger
 Shock                    Conj/Air       #...         34%         1    ##.....
 Swiftness                Chrm/Air       #.......     47%         2    ###....
 Static Discharge         Conj/Air       #.......     71%         3    ####...
 Airstrike                Air            #.........   97%         4    #####..
 Lightning Bolt           Conj/Air       #.........   100%        5    ######.


Dungeon Overview and Level Annotations

Branches:
Dungeon (11/15)            Temple (1/1) D:5            Lair (0/6) D:11
    Orc (1/2) D:11

Altars:
Ashenzari
Cheibriados
Dithmenos
Elyvilon
Fedhas
Gozag
Hepliaklqana
Kikubaaqudgha
Makhleb
Nemelex Xobeh
Okawaru
Qazlal
Ru
Sif Muna
Trog
Uskayaw
Vehumet
Wu Jian
Xom
Yredelemnul
Zin
The Shining One

Shops:
D:7 :   D:8 [   D:11 ([

Annotations:
Orc:1 Jorgrun


Innate Abilities, Weirdness & Mutations

You have a pair of small antennae on your head.
You have sharp fingernails.
You have hoof-like feet.
Your flesh is cold resistant. (rC+)
A weak demonic guardian rushes to your aid.
You have supernaturally acute eyesight. (SInv)
You possess an exceptional clarity of mind.
You passively map a small area around you.
Your spells are a little harder to cast, but a little more powerful.


Message History

You claw Jorgrun!
Jorgrun is severely wounded.
Your quasit closely misses Jorgrun.
Your quasit misses Jorgrun.
Your quasit closely misses Jorgrun.
The orc warrior closely misses you.
The orc warrior hits your white imp with a +4 battleaxe!
Your white imp dies!
Jorgrun hits you with a +0 vorpal quarterstaff!!
* * * LOW HITPOINT WARNING * * *
x2 Your shadow imp barely misses Jorgrun.
You claw Jorgrun!
Jorgrun is almost dead.
Your quasit bites Jorgrun.
Your quasit completely misses Jorgrun.
Your quasit closely misses Jorgrun.
You scratch Jorgrun.
Jorgrun is almost dead.
Your quasit bites Jorgrun but does no damage.
Your quasit claws Jorgrun but does no damage.
Your quasit claws Jorgrun.
Jorgrun hits you but does no damage.
The orc warrior hits you with a +4 battleaxe!!
You die...

.. #..... * ,
.#., #...... . ,
*.. ,...... , ..
*#. ....$ , ,,
...###.##...# *
* ,,
...........###,,
#...........#..
,
,#.......oo.....
##....5@##.....,
, , #..#.5g#
,... *
#......... ,, .
* ,
...##.......,
... #.#.......
.., ,.....###..
. .$.....* # * ,
.......#. ,, , ,
*


You could see Jorgrun, an orc warrior, an orc, a friendly quasit and a friendly
shadow imp.

Vanquished Creatures
  A two-headed ogre (D:11)
  A cyclops (D:11)
  Psyche (D:8)
  A gargoyle (D:10)
  A tengu conjurer (D:11)
  2 hippogriffs
  A wyvern (D:8)
  16 yaks
  2 hungry ghosts
  Edmund (D:5)
  2 water moccasins
  An acid dragon (D:11)
  A porcupine (D:11)
  A black bear (D:11)
  6 orc warriors
  3 sky beasts
  2 phantoms
  An eye of draining (D:11)
  9 ogres
  Blork the orc (D:5)
  2 big kobolds
  5 bullfrogs
  A wyvern skeleton (D:10)
  6 scorpions
  5 killer bees
  3 wights (D:6)
  A howler monkey (D:6)
  2 centaur zombies (D:5)
  6 crimson imps
  7 hounds
  A bullfrog skeleton (D:4)
  4 orc priests
  A jelly (D:10)
  A centaur skeleton (D:11)
  Jessica (D:2)
  Natasha (thrice) (D:2)
  7 orc wizards
  10 worker ants
  A hound zombie (D:5)
  A hound skeleton (D:5)
  6 gnolls
  17 adders
  5 shadow imps
  2 oozes
  3 adder skeletons
  5 worms
  3 dart slugs
  6 leopard geckos
  26 orcs
  5 ball pythons
  4 giant cockroaches
  8 goblins
  10 hobgoblins
  4 jackals (D:6)
  19 kobolds
  4 quokkas
  12 bats
  4 frilled lizards
  A leopard gecko skeleton (D:8)
  2 quokka skeletons (D:4)
  5 rats
273 creatures vanquished.

Vanquished Creatures (collateral kills)
  Gastronok (D:8)
  A two-headed ogre (D:10)
  A yak (D:9)
  An ice beast (D:5)
  A centaur (D:6)
  A scorpion (D:5)
  A centaur skeleton (D:6)
  An adder (D:9)
  3 orcs
  A frilled lizard (D:4)
12 creatures vanquished.

Vanquished Creatures (others)
  4 fungi (D:11)
4 creatures vanquished.

Grand Total: 289 creatures vanquished

Notes
Turn   | Place    | Note
-------+----------+-------------------------------------------
     0 | D:1      | kae the Demonspawn Monk began the quest for the Orb.
     0 | D:1      | Reached XP level 1. HP: 18/18 MP: 1/1
   162 | D:1      | Reached skill level 3 in Unarmed Combat
   289 | D:1      | Gained mutation: You have sharp fingernails. [demonic
                  | ancestry]
   289 | D:1      | Reached XP level 2. HP: 24/24 MP: 2/2
   917 | D:2      | Noticed Jessica
   925 | D:2      | Gained mutation: Your spells are a little harder to cast,
                  | but a little more powerful. [potion of mutation]
   925 | D:2      | Gained mutation: You have supernaturally acute eyesight.
                  | (SInv) [potion of mutation]
   925 | D:2      | Gained mutation: You evolve. [potion of mutation]
   925 | D:2      | Gained mutation: You possess an exceptional clarity of
                  | mind. [potion of mutation]
   941 | D:2      | Killed Jessica
   941 | D:2      | Reached XP level 3. HP: 14/29 MP: 3/3
  1212 | D:2      | Found a white marble altar of Elyvilon.
  1216 | D:2      | Noticed Natasha
  1227 | D:2      | Reached skill level 4 in Unarmed Combat
  1227 | D:2      | Gained mutation: You have a pair of small antennae on your
                  | head. [demonic ancestry]
  1227 | D:2      | Reached XP level 4. HP: 25/37 MP: 4/4
  1456 | D:2      | Killed Natasha
  1487 | D:2      | Noticed Natasha
  1496 | D:2      | Killed Natasha
  1578 | D:2      | Gained mutation: You have large cloven feet. [demonic
                  | ancestry]
  1578 | D:2      | Reached XP level 5. HP: 42/42 MP: 5/5
  1658 | D:2      | Noticed Natasha
  1669 | D:2      | Killed Natasha
  2459 | D:3      | Noticed an ogre
  2540 | D:3      | Noticed a human
  2540 | D:3      | an ogre changed into a human
  2541 | D:3      | a human changed into a big kobold
  2561 | D:3      | Reached skill level 5 in Unarmed Combat
  2700 | D:3      | Gained mutation: A weak demonic guardian rushes to your
                  | aid. [demonic ancestry]
  2700 | D:3      | Reached XP level 6. HP: 49/49 MP: 6/6
  2969 | D:3      | Reached skill level 5 in Fighting
  3025 | D:3      | Reached skill level 6 in Unarmed Combat
  3464 | D:4      | Reached XP level 7. HP: 54/56 MP: 7/7
  4300 | D:4      | Reached skill level 7 in Unarmed Combat
  4736 | D:4      | Gained mutation: You have an increased reservoir of magic.
                  | (+10% MP) [evolution]
  4744 | D:5      | Entered Level 5 of the Dungeon
  4988 | D:5      | Found a shattered altar of Ashenzari.
  5037 | D:5      | Reached XP level 8. HP: 62/64 MP: 8/8
  5050 | D:5      | Noticed Edmund
  5078 | D:5      | Killed Edmund
  5385 | D:5      | Found a staircase to the Ecumenical Temple.
  5407 | D:5      | Reached skill level 8 in Unarmed Combat
  5721 | Temple   | Entered the Ecumenical Temple
  5785 | Temple   | Became a worshipper of the Wu Jian Council
  5785 | Temple   | Reached * piety under Wu Jian
  5785 | Temple   | Reached ** piety under Wu Jian
  6715 | D:5      | Noticed Blork the orc
  6722 | D:5      | Killed Blork the orc
  7002 | D:6      | Reached skill level 9 in Unarmed Combat
  7030 | D:6      | Gained mutation: Your flesh is cold resistant. (rC+)
                  | [demonic ancestry]
  7030 | D:6      | Reached XP level 9. HP: 37/72 MP: 6/9
  8392 | D:7      | Found Fott's Book Boutique.
  8903 | D:8      | Reached skill level 10 in Unarmed Combat
  8976 | D:8      | Found a sparkling altar of Nemelex Xobeh.
  8977 | D:8      | Found an opulent altar of Gozag.
  8977 | D:8      | Found a glowing silver altar of Zin.
  9175 | D:8      | Found a blossoming altar of Fedhas.
  9295 | D:8      | Reached *** piety under Wu Jian
  9606 | D:8      | Noticed Psyche
  9652 | D:8      | Found Leubac's Antique Armour Boutique.
  9655 | D:8      | Bought a sheer robe for 148 gold pieces
  9665 | D:8      | Identified the +1 robe "Piakenia" {rElec Str-3 Int+3} (You
                  | bought it in a shop on level 8 of the Dungeon)
  9741 | D:8      | Noticed Gastronok
  9756 | D:8      | Killed Gastronok
  9756 | D:8      | Reached skill level 11 in Unarmed Combat
  9756 | D:8      | Gained mutation: You have hoof-like feet. [demonic
                  | ancestry]
  9756 | D:8      | Reached XP level 10. HP: 28/83 MP: 3/11
 10140 | D:8      | Killed Psyche
 11247 | D:9      | Reached skill level 12 in Unarmed Combat
 11986 | D:9      | Reached skill level 10 in Fighting
 12060 | D:10     | Entered Level 10 of the Dungeon
 12152 | D:10     | Noticed a two-headed ogre
 12164 | D:10     | Killed a two-headed ogre
 12410 | D:10     | Reached **** piety under Wu Jian
 12500 | D:10     | Reached XP level 11. HP: 70/91 MP: 10/12
 12810 | D:10     | Found a blossoming altar of Fedhas.
 13258 | D:11     | Found Azxos's Armour Shop.
 13259 | D:11     | Found a staircase to the Orcish Mines.
 13277 | D:11     | Found Uqiadusa's Weapon Shop.
 13411 | D:11     | Lost mutation: You have an increased reservoir of magic.
                  | (+10% MP) [evolution]
 13462 | D:11     | Noticed a two-headed ogre
 13470 | D:11     | Killed a two-headed ogre
 13470 | D:11     | Reached skill level 13 in Unarmed Combat
 14866 | D:11     | Found a staircase to the Lair.
 15071 | D:11     | Gained mutation: You passively map a small area around you.
                  | [evolution]
 15071 | D:11     | Lost mutation: You evolve. [end of evolution]
 15153 | Orc:1    | Entered Level 1 of the Orcish Mines
 15153 | Orc:1    | Noticed Jorgrun
 15167 | Orc:1    | Slain by an orc warrior

Levels and vault maps discovered:
D:1:      wander_arrival_estate, layout_basic, serial_glass, glass_columns_b,
          glass_columns_c
D:2:      layout_basic, elyvilon_altar_5, minmay_ruptured, uniq_jessica,
          uniq_natasha
D:3:      layout_rooms, st_stairs_13, hex_tiny, minmay_misc_feat_tiny
D:4:      layout_cave_pods, first_ration, minmay_misc_feat_x
D:5:      minmay_bubble_buster, layout_loops_ring, lemuel_doored_altar,
          minmay_temple_entry_sparse_star, uniq_blork_the_orc, uniq_edmund
D:6:      layout_basic
D:7:      layout_gridville, serial_shops, shop
D:8:      layout_loops_cross, nicolae_overflow_quartered_altars, serial_shops,
          nicolae_shop_behind_doors, uniq_gastronok, uniq_psyche
D:9:      layout_rooms
D:10:     layout_irregular_city, basic_altar
D:11:     layout_irregular_city, grunt_lair_entry_orc_guard_hut, orc_david_3,
          grunt_tengu_nest, grunt_decor_arrowhead
Temple:   nicolae_temple_x_marks_the_god
Orc:1:    layout_diamond_mine, uniq_nergalle, uniq_josephine, uniq_jorgrun,
          uniq_sonja

Skill      XL: |  1  2  3  4  5  6  7  8  9 10 11 |
---------------+----------------------------------+-----
Unarmed Combat | 3 4 5 6 7 9 11 12 13 | 13.7
Fighting       | 4 5 6 7 9 10 11 | 11.1
Dodging        | |  2.6
Stealth        | |  1.7

Action                   |  1- 3 |  4- 6 |  7- 9 | 10-12 || total
-------------------------+-------+-------+-------+-------++-------
Melee: Unarmed           |    83 |   203 |   394 |   378 ||  1058
       Punch             |       |     3 |    14 |    31 ||    48
       Kick              |       |    37 |   106 |    97 ||   240
Invok: Lunge             |       |       |    22 |    23 ||    45
       Whirlwind         |       |       |     1 |     3 ||     4
Evoke: Wand              |       |     2 |       |       ||     2
  Use: Potion            |     2 |       |       |     2 ||     4
       Scroll            |     1 |     9 |     7 |     9 ||    26
 Stab: Sleeping          |     2 |     3 |     4 |     4 ||    13
       Distracted        |       |       |     4 |     2 ||     6
  Eat: Chunk             |     1 |     7 |    13 |    15 ||    36
       Ration            |       |       |     2 |     1 ||     3
Armor: Robe              |    19 |    51 |    68 |    54 ||   192
       Skin              |     2 |       |       |       ||     2
Dodge: Dodged            |    57 |   159 |   174 |   161 ||   551

Table legend:
 A = Non-vault XP
 B = Vault XP
 C = Vault XP percentage of total XP
 D = Non-vault monster count
 E = Vault monster count
 F = Vault count percentage of total count
                 A         B        C        D         E       F
            +---------+---------+-------+---------+---------+-------
      Total |   13447 |    3999 |  22.9 |     252 |      33 |  11.6
            +---------+---------+-------+---------+---------+-------
        D:1 |      53 |       0 |   0.0 |      21 |       0 |   0.0
        D:2 |     137 |      77 |  36.0 |      25 |       5 |  16.7
        D:3 |     389 |       5 |   1.3 |      29 |       2 |   6.5
        D:4 |     531 |       0 |   0.0 |      27 |       0 |   0.0
        D:5 |     760 |     526 |  40.9 |      22 |      10 |  31.2
        D:6 |     839 |       0 |   0.0 |      22 |       0 |   0.0
        D:7 |     338 |       0 |   0.0 |       4 |       0 |   0.0
        D:8 |    1343 |    2186 |  61.9 |      26 |       2 |   7.1
        D:9 |    2401 |       0 |   0.0 |      28 |       0 |   0.0
       D:10 |    2412 |       0 |   0.0 |      21 |       0 |   0.0
       D:11 |    4244 |    1205 |  22.1 |      27 |      14 |  34.1
            +---------+---------+-------+---------+---------+-------
